 Dungeon Crawl Stone Soup version 0.30-a0-352-g1e81539c98 (webtiles) character file.

Game seed: 16877653104366536001

2552 Ijustatesigmund the Reanimator (level 9, 0/99 HPs)
             Began as a Demonspawn Necromancer on Nov 7, 2022.
             Slain by a centaur
             ... wielding a +0 flail of protection
              (7 damage)
             ... on level 6 of the Dungeon.
             The game lasted 00:21:53 (7562 turns).

Ijustatesigmund the Reanimator (DsNe)               Turns: 7562, Time: 00:21:54

Health: 0/99       AC: 24    Str: 13    XL:     9   Next: 31%
Magic:  19/19      EV:  2    Int: 20    God:
Gold:   431        SH:  0    Dex: 18    Spells: 13/22 levels left

rFire   + . .      SeeInvis .    n - +1 war axe "Plog" {drain, rF+ Str+4 Dex+4}
rCold   . . .      Faith    .    (no shield)
rNeg    . . .      Spirit   .    (body armour currently unavailable)
rPois   +          Reflect  .    (helmet currently unavailable)
rElec   .          Harm     .    (cloak currently unavailable)
rCorr   .          Rampage  .    (gloves currently unavailable)
Will    .....      NoTele   +    (boots currently unavailable)
Stlth   ++........               (no amulet)
HPRegen 0.36/turn                (no ring)
MPRegen 0.16/turn                (no ring)

@: tree-form (expiring), hasted, very quick
A: stationary, stasis, torment immunity, boosted hp, (hooves 1), (large bone
plates 1), foul stench 2
a: no special abilities


You were on level 6 of the Dungeon.
You were a tree.
You visited 2 branches of the dungeon, and saw 7 of its levels.

You collected 431 gold pieces.

Inventory:

Hand Weapons
 e - a +1 vorpal hand axe
 n - the +1 war axe "Plog" (weapon) {drain, rF+ Str+4 Dex+4}
   (You found it on level 5 of the Dungeon)

   A truly terrible weapon, it drains the life of any living foe it strikes.
   Str:       It affects your strength (+4).
   Dex:       It affects your dexterity (+4).
   rF:        It protects you from fire.
Armour
 a - a +0 robe (melded)
Jewellery
 p - a ring of protection from fire
Wands
 f - a wand of quicksilver (3)
 o - a wand of digging (6)
 s - a wand of polymorph (10)
Scrolls
 c - a scroll of vulnerability
 g - a scroll of amnesia
 i - 3 scrolls of enchant weapon
Potions
 b - 2 potions of magic
 d - 3 potions of mutation
 h - a potion of cancellation
 m - 3 potions of attraction


   Skills:
 - Level 4.5 Fighting
 - Level 4.2 Axes
 + Level 2.9 Dodging
 - Level 1.7 Stealth
 + Level 7.0 Spellcasting
 + Level 9.2 Necromancy


You had 13 spell levels left.
You knew the following spells:

 Your Spells              Type           Power      Damage    Failure   Level
a - Necrotise             Necr           100%       1d9       1%          1
b - Vampiric Draining     Necr           43%        2d9       1%          3
c - Agony                 Necr           43%        N/A       6%          5

Your spell library contained the following spells:

 Spells                   Type           Power      Damage    Failure   Level
 Animate Dead             Necr           43%        N/A       2%          4
 Gell's Gravitas          Tloc           7%         N/A       28%         3
 Lesser Beckoning         Tloc           14%        N/A       28%         3
 Teleport Other           Tloc           7%         N/A       28%         3


Dungeon Overview and Level Annotations

Branches:
Dungeon (6/15)             Temple (1/1) D:5

Altars:
Fedhas
Gozag
Hepliaklqana
Kikubaaqudgha
Nemelex Xobeh
Qazlal
Ru
Uskayaw
Vehumet
Xom

Shops:
D:6 [


Innate Abilities, Weirdness & Mutations

You are a tree.
Your roots penetrate the ground, keeping you stationary.
You cannot be teleported.
You are immune to unholy pain and torment.
Your maximum health is greatly increased.
Your equipment is partially melded.
((You have large cloven feet.))
((You are partially covered in large bone plates. (SH +4)))
You sometimes emit foul miasma when damaged in melee.


Message History

The necrophage hits you but does no damage.
The centaur shoots an arrow.
The arrow hits you but does no damage.
A bullfrog comes into view.
You closely miss the necrophage. The necrophage completely misses you.
The centaur shoots an arrow.
The arrow hits you!
* * * LOW HITPOINT WARNING * * *
As you read the scroll labelled GECSOCK NOLIC, it crumbles to dust.
You feel aware of your surroundings.
It was a scroll of magic mapping.
Your transformation is almost over.
The necrophage hits you but does no damage.
The centaur shoots an arrow.
The arrow hits you.
* * * LOW HITPOINT WARNING * * *
You hit the necrophage.
The necrophage is lightly damaged.
The centaur shoots an arrow.
The arrow hits you.
* * * LOW HITPOINT WARNING * * *
The necrophage hits you but does no damage.
The centaur shoots an arrow.
The arrow hits you but does no damage.
The necrophage hits you but does no damage.
You feel yourself speed up.
The centaur shoots an arrow.
The arrow hits you.
* * * LOW HITPOINT WARNING * * *
The centaur shoots an arrow.
The arrow hits you.
* * * LOW HITPOINT WARNING * * *
The necrophage hits you but does no damage.
You hit the necrophage but do no damage.
The necrophage is lightly damaged.
The necrophage hits you but does no damage.
You barely miss the necrophage.
The necrophage is lightly damaged.
The necrophage hits you but does no damage.
The centaur unwields a +0 shortbow.
The centaur wields a +0 flail of protection.
The centaur hits you with a +0 flail of protection.
* * * LOW HITPOINT WARNING * * *
The centaur kicks you but does no damage.
You slash the centaur! You drain the centaur.
The centaur is severely wounded.
You hit the necrophage.
The centaur hits you with a +0 flail of protection!
You die...

#......###### **,.,*#....#
#.......# *,,..####### #.......#
*,,......... #.......#
*,,......... #.......#
########.... #.......#
#######........... #.......#
#.....)†)....#....
#......########.....#..##†.#....
#......##.....#♣c#..#..##.)#...#
#......#......#n....#......#...#
#.....<#......#.....#......#...#
#......#......##'###########...#
#......#.......#..,.#l.,'.W#...#
#......#.......#...S*,#,*..#...'
#......#.....^.#...,',,,#'##...#
#...##.##..#####....*####,#..###
#...##.##'###..#######..###..###


You could see a necrophage, a centaur (drained) and an iguana.

Vanquished Creatures
  Grinder (D:3)
  Sigmund (D:2)
  Edmund (D:6)
  2 sky beasts
  A black bear (D:5)
  An ice beast (D:6)
  2 ogres
  A centaur (D:5)
  2 phantoms
  3 kobold brigands
  2 bullfrogs (D:6)
  A necrophage (D:6)
  6 scorpions (D:6)
  A killer bee (D:6)
  A howler monkey (D:6)
  3 hounds (D:6)
  A jelly (D:5)
  6 orc wizards
  An iguana (D:6)
  7 adders
  A gnoll (D:6)
  A shadow imp (D:6)
  2 ufetubi
  4 dart slugs
  17 orcs
  5 ball pythons
  6 bats
  8 endoplasms
  2 giant cockroaches
  5 goblins
  6 hobgoblins
  6 jackals
  5 quokkas (D:1)
  3 frilled lizards
  23 kobolds
  3 rats
141 creatures vanquished.

Vanquished Creatures (collateral kills)
  2 endoplasms (D:1)
  A goblin (D:1)
  A jackal (D:1)
  3 kobolds
  A ball python (D:1)
8 creatures vanquished.

Vanquished Creatures (others)
  6 demonic plants (D:6)
  26 plants
32 creatures vanquished.

Grand Total: 181 creatures vanquished

Notes
Turn   | Place    | Note
-------+----------+-------------------------------------------
     0 | D:1      | Ijustatesigmund the Demonspawn Necromancer began the quest
                  | for the Orb.
     0 | D:1      | Reached XP level 1. HP: 13/13 MP: 3/3
   215 | D:1      | Gained mutation: You may rarely emit foul miasma when
                  | damaged in melee. [demonic ancestry]
   215 | D:1      | Reached XP level 2. HP: 20/20 MP: 3/5
   355 | D:1      | Reached skill level 1 in Fighting
   771 | D:1      | Gained mutation: You have large cloven feet. [demonic
                  | ancestry]
   771 | D:1      | Reached XP level 3. HP: 26/26 MP: 3/6
   921 | D:1      | Learned a level 3 spell: Vampiric Draining
  1680 | D:2      | Reached skill level 5 in Necromancy
  1828 | D:2      | Noticed Sigmund
  1902 | D:3      | Reached XP level 4. HP: 33/33 MP: 4/8
  2172 | D:3      | Found an opulent altar of Gozag.
  2304 | D:3      | Noticed Grinder
  2313 | D:3      | Paralysed by Grinder for 3 turns
  2325 | D:3      | Killed Grinder
  2326 | D:3      | Reached XP level 5. HP: 41/41 MP: 8/10
  2326 | D:3      | Reached XP level 6. HP: 47/47 MP: 8/11
  2353 | D:3      | Found a faded altar of an unknown god.
  2559 | D:2      | Found a radiant altar of Vehumet.
  2855 | D:2      | Killed Sigmund
  2856 | D:2      | Reached skill level 6 in Necromancy
  3364 | D:4      | Noticed a sky beast
  3641 | D:4      | Gained mutation: You sometimes emit foul miasma when
                  | damaged in melee. [demonic ancestry]
  3641 | D:4      | Reached XP level 7. HP: 24/54 MP: 13/13
  4333 | D:5      | Entered Level 5 of the Dungeon
  4445 | D:5      | Reached skill level 7 in Necromancy
  4891 | D:5      | Reached skill level 1 in Axes
  4891 | D:5      | Reached skill level 5 in Spellcasting
  5142 | D:5      | Reached XP level 8. HP: 61/61 MP: 9/15
  5251 | D:5      | Identified the +1 war axe "Plog" {drain, rF+ Str+4 Dex+4}
  5790 | D:5      | Found a staircase to the Ecumenical Temple.
  5796 | Temple   | Entered the Ecumenical Temple
  6284 | D:6      | Found Mwindo's Dragon-Slaying Spoils.
  6336 | D:6      | Noticed Edmund
  6348 | D:6      | Killed Edmund
  6349 | D:6      | Reached skill level 8 in Necromancy
  6745 | D:6      | Gained mutation: You are partially covered in large bone
                  | plates. (SH +4) [demonic ancestry]
  6745 | D:6      | Reached XP level 9. HP: 51/66 MP: 0/18
  7342 | D:6      | Learned a level 5 spell: Agony
  7509 | D:6      | Reached skill level 9 in Necromancy
  7562 | D:6      | Slain by a centaur

Illustrated notes

Levels and vault maps discovered:
D:1:      nzn_arrival_settlement, layout_rooms, amcnicky_mini_corridor_feature,
          minmay_misc_feat_square, minmay_indecisive_spiral
D:2:      layout_basic, basic_altar, serial_bayou_lagoon_a, uniq_sigmund
D:3:      layout_rooms, grunt_gozag_statues,
          shapermc_ecumenical_altar_mp_ritualfount, uniq_grinder
D:4:      kennysheep_kobold_camp, layout_basic
D:5:      layout_loops_ring, minmay_temple_entry_nine_rooms
D:6:      minmay_clustersquares, layout_gridville, chequers_mini_garden,
          nrook_mini_backslash, nicolae_shop_dragon_depot,
          minmay_misc_feat_room, hangedman_decor_diamond_cutter,
          dreamdust_princess_corridor, minmay_starry_boxes, uniq_edmund
Temple:   bh_familiar_temple

Skill      XL: |  1  2  3  4  5  6  7  8  9 |
---------------+----------------------------+-----
Fighting       | 1 2 3 4 |  4.5
Necromancy     | 5 6 7 8 9 |  9.2
Spellcasting   | 3 4 5 6 7 |  7.0
Axes           | 1 4 |  4.2
Dodging        | 2 |  2.9
Stealth        | |  1.7

Action                   |  1- 3 |  4- 6 |  7- 9 || total
-------------------------+-------+-------+-------++-------
Melee: Unarmed           |    19 |       |       ||    19
       Short sword       |     1 |    14 |       ||    15
       Kick              |       |     8 |    47 ||    55
       Hand axe          |       |    26 |    21 ||    47
       War axe           |       |       |   117 ||   117
       Punch             |       |       |     2 ||     2
 Cast: Necrotise         |    79 |    43 |    60 ||   182
       Vampiric Draining |       |     4 |    20 ||    24
       Agony             |       |       |     2 ||     2
Evoke: Wand              |       |       |     1 ||     1
  Use: Scroll            |     4 |     7 |     6 ||    17
       Potion            |       |     5 |     5 ||    10
 Stab: Distracted        |       |     1 |       ||     1
       Sleeping          |       |       |     2 ||     2
Armor: Robe              |    13 |     3 |    21 ||    37
       Skin              |       |     7 |    15 ||    22
Dodge: Dodged            |    28 |    28 |   126 ||   182
Block: Other             |       |       |     4 ||     4

Table legend: (Time is in decaauts)
 A = Elapsed time spent in this place.
 B = Non-inter-level travel time spent in this place.
 C = Inter-level travel time spent in this place.
 D = Time resting spent in this place.
 E = Time spent auto-exploring this place.
 F = Levels seen in this place.
 G = Mean time per level.
                   A        B        C        D        E       F      G
               +--------+--------+--------+--------+--------+-----+--------+
         Total |   7630 |   7465 |    165 |   1696 |   4668 |   7 | 1090.0 |
       Dungeon |   7432 |   7292 |    140 |   1696 |   4503 |   6 | 1238.7 |
        Temple |    197 |    173 |     24 |      0 |    165 |   1 |  197.0 |
               +--------+--------+--------+--------+--------+-----+--------+

Top non-repeatable levels by time:
     D:6: 1493 daAuts
     D:2: 1436 daAuts
     D:4: 1348 daAuts
     D:5: 1300 daAuts
     D:1: 1190 daAuts
     D:3: 663 daAuts
  Temple: 197 daAuts
